 Dungeon Crawl Stone Soup version 0.30-a0-949-g53dc5368d7 (webtiles) character file.

Game seed: 371566418270919369

4217 Bnni the Geomancer (level 10, -6/80 HPs)
             Began as a Formicid Earth Elementalist on Mar 27, 2023.
             Was a Follower of Cheibriados.
             Mangled by an orc knight
             ... wielding a +0 halberd
              (21 damage)
             ... in a bailey.
             The game lasted 00:16:16 (8143 turns).

Bnni the Geomancer (Formicid Earth Elementalist)    Turns: 8143, Time: 00:16:16

Health: -6/80      AC: 15    Str: 16    XL:     10   Next: 54%
Magic:  3/14       EV: 10    Int: 28    God:    Cheibriados [*.....]
Gold:   537        SH:  4    Dex: 17    Spells: 5/15 levels left

rFire   . . .      SeeInvis +    C - +2 lajatang (venom)
rCold   . . .      Faith    +    B - +0 buckler
rNeg    . . .      Spirit   .    r - +0 plate armour
rPois   .          Reflect  .    (helmet unavailable)
rElec   .          Rampage  .    (no cloak)
rCorr   .                        (no gloves)
Will    +....                    (no boots) Stlth
                                 q - amulet of faith
HPRegen 0.33/turn                f - +5 ring of evasion
MPRegen 0.14/turn                i - +6 ring of intelligence

@: very slow
A: permanent stasis, dig shafts and tunnels, antennae 3, four strong arms, claws
1, iridescent scales 1, wild magic 1
a: Dig, Renounce Religion, Bend Time


You were in a bailey.
You worshipped Cheibriados.
Cheibriados was aware of your devotion.
You visited 2 branches of the dungeon, and saw 9 of its levels.
You also visited: Bailey.

You collected 537 gold pieces.

Inventory:

Hand Weapons
 C - a +2 lajatang of venom (weapon)
Armour
 n - a +0 chain mail
 r - a +0 plate armour (worn)
 B - a +0 buckler (worn)
Jewellery
 f - a +5 ring of evasion (left claw)
 i - a +6 ring of intelligence (right claw)
 q - an amulet of faith (around neck)
Wands
 g - a wand of flame (10)
 x - a wand of digging (3)
Scrolls
 a - a scroll of brand weapon {unknown}
 d - a scroll of immolation {unknown}
 e - a scroll of acquirement {unknown}
 h - a scroll of butterflies {unknown}
 o - a scroll of fog {unknown}
 s - 2 scrolls of blinking {unknown}
 t - 2 scrolls of teleportation {unknown}
 w - 2 scrolls of enchant weapon {unknown}
 y - a scroll of fear {unknown}
 A - a scroll of poison {unknown}
Potions
 b - 3 potions of magic
 c - a potion of resistance
 j - a potion of brilliance
 k - 3 potions of cancellation
 l - a potion of haste
 m - a potion of lignification {unknown}
 p - a potion of mutation
 u - 4 potions of attraction
 v - a potion of degeneration {unknown}
 z - a potion of flight {unknown}
 D - a potion of berserk rage {unknown}


   Skills:
 + Level 7.9 Fighting
 + Level 7.0 Armour
 - Level 1.7 Dodging
 - Level 2.4 Stealth
 + Level 0.9 Shields
 - Level 3.0 Spellcasting
 - Level 3.0 Transmutations
 * Level 12.7 Earth Magic
 + Level 0.8 Invocations


You had 5 spell levels left.
You knew the following spells:

 Your Spells              Type           Power      Damage    Failure   Level
a - Sandblast             Erth           100%       2d20      4%          1
b - Passwall              Tmut/Erth      48%        N/A       34%         2
c - Stone Arrow           Conj/Erth      100%       3d13      75%         3
d - Petrify               Tmut/Erth      58%        N/A       90%         4

Your spell library contained the following spells:

 Spells                   Type           Power      Damage    Failure   Level
 Ensorcelled Hibernation  Hex/Ice        10%        N/A       100%        2
 Ignite Poison            Fire/Tmut/Pois 12%        N/A       100%        3
 Kindle Blastsparks       Fire/Tloc/Air  10%        2d10      100%        3
 Spider Form              Tmut/Pois      16%        N/A       100%        3
 Tukima's Dance           Hex            5%         N/A       100%        3
 Anguish                  Hex/Necr       2%         N/A       100%        4
 Passage of Golubria      Tloc           5%         N/A       100%        4
 Freezing Cloud           Conj/Ice/Air   2%         6-21      100%        5
 Yara's Violent Unravell  Hex/Tmut       8%         3d5       100%        5


Dungeon Overview and Level Annotations

Branches:
Dungeon (8/15)             Temple (1/1) D:7          Bailey (1/1)
   Lair: D:8-11

Altars:
Cheibriados
Dithmenos
Makhleb
Nemelex Xobeh
Qazlal
Sif Muna
Trog
Wu Jian
Xom
The Shining One


Innate Abilities, Weirdness & Mutations

You cannot be hasted, slowed, berserked, paralysed or teleported.
You can dig through walls and to a lower floor.
You have a pair of large antennae on your head. (SInv)
Your four strong arms can wield two-handed weapons with a shield.
You have sharp fingernails.
You are partially covered in iridescent scales. (AC +2)
Your spells are a little harder to cast, but a little more powerful.


Message History

The orc knight is heavily wounded.
The orc knight hits you from afar with a +0 halberd! x2
* * * LOW HITPOINT WARNING * * *
Aiming: Sandblast (safe; 2% risk of failure)
Press: ? - help, Q - select action, (/) - cycle Shift-Dir - straight line, f/p - orc knight
Aim: an orc knight, wielding a +0 halberd and wearing a +0 ring mail (heavily wounded, 82% to hit)
The blast of sand misses the orc knight.
The orc knight hits you from afar with a +0 halberd!
* * * LOW HITPOINT WARNING * * *
Aiming: Sandblast (safe; 2% risk of failure)
Press: ? - help, Q - select action, (/) - cycle Shift-Dir - straight line, f/p - orc knight
Aim: an orc knight, wielding a +0 halberd and wearing a +0 ring mail (heavily wounded, 82% to hit)
The blast of sand misses the orc knight.
The orc knight hits you from afar with a +0 halberd.
* * * LOW HITPOINT WARNING * * *
The orc knight barely misses you.
Aiming: Sandblast (safe; 2% risk of failure)
Press: ? - help, Q - select action, (/) - cycle Shift-Dir - straight line, f/p - orc knight
Aim: an orc knight, wielding a +0 halberd and wearing a +0 ring mail (heavily wounded, 82% to hit)
The blast of sand hits the orc knight but does no damage.
The orc knight is heavily wounded.
The orc knight hits you but does no damage.
Okay, then.
Okay, then.
It was a potion of haste.
Your stasis prevents you from being hasted.
The orc knight hits you but does no damage.
It was a potion of mutation.
You feel extremely strange.
Your fingernails lengthen.
Iridescent scales grow over part of your body.
You feel less in control of your magic.
The orc knight hits you but does no damage.
Unknown command.
Aiming: Sandblast (safe; 4% risk of failure)
Press: ? - help, Q - select action, (/) - cycle Shift-Dir - straight line, f/p - orc knight
Aim: an orc knight, wielding a +0 halberd and wearing a +0 ring mail (heavily wounded, 82% to hit)
The blast of sand hits the orc knight!
The orc knight is severely wounded.
The orc knight hits you from afar with a +0 halberd!!
You die...

..# { ..# ..# ..# # ..#
#. o.# #..########..#
##...8..))8@..##
#......).).)...###
#♣♣♣♣#$.####''####.$#.##
#≈≈..####........####..#
#≈≈≈...................#
#≈≈≈≈............♣....♣#
#≈≈≈≈≈≈...#....#...♣♣♣♣
#≈≈≈≈≈≈≈≈≈#....#≈≈≈≈≈♣
#♣♣≈≈≈≈≈≈≈#....#≈≈≈≈≈≈≈


You could see an orc knight.

Vanquished Creatures
  Pikel (D:7)
  A moth of wrath (D:7)
  Maggie (D:6)
  4 yaks (D:5)
  2 water moccasins
  A sky beast (D:6)
  5 orc warriors
  An ice beast (D:4)
  A centaur (D:7)
  An ogre (D:5)
  2 lemures
  A gnoll sergeant (D:7)
  3 bullfrogs
  9 wights
  A howler monkey (D:6)
  3 hounds
  2 orc priests
  A gnoll bouda (D:6)
  A sleepcap (D:6)
  5 iguanas
  Terence (D:3)
  19 gnolls
  6 adders
  2 white imps
  3 ufetubi
  4 worms
  A dart slug (D:1)
  16 orcs
  4 bats
  10 endoplasms
  5 giant cockroaches
  31 goblins
  29 hobgoblins
  10 jackals
  2 quokkas
  3 ball pythons (D:4)
  6 frilled lizards
  14 kobolds
  12 rats
224 creatures vanquished.

Vanquished Creatures (others)
  A plant (D:8)
1 creature vanquished.

Grand Total: 225 creatures vanquished

Notes
Turn   | Place    | Note
-------+----------+-------------------------------------------
     0 | D:1      | Bnni the Formicid Earth Elementalist began the quest for
                  | the Orb.
     0 | D:1      | Reached XP level 1. HP: 13/13 MP: 3/3
    40 | D:1      | Reached skill level 4 in Earth Magic
    40 | D:1      | Reached XP level 2. HP: 18/20 MP: 0/5
   384 | D:1      | Reached skill level 1 in Fighting
   384 | D:1      | Reached XP level 3. HP: 26/26 MP: 4/6
   387 | D:1      | Learned a level 2 spell: Passwall
   391 | D:1      | Learned a level 3 spell: Stone Arrow
  1344 | D:2      | Reached XP level 4. HP: 32/32 MP: 3/8
  1622 | D:2      | Found a stormy altar of Qazlal.
  2121 | D:3      | Reached XP level 5. HP: 37/38 MP: 0/9
  2230 | D:3      | Found a shadowy altar of Dithmenos.
  2331 | D:3      | Reached skill level 5 in Earth Magic
  2536 | D:3      | Noticed Terence
  2549 | D:3      | Killed Terence
  2962 | D:4      | Reached XP level 6. HP: 30/46 MP: 4/10
  3536 | D:4      | Noticed an ice beast
  3541 | D:4      | Killed an ice beast
  3542 | D:4      | Reached skill level 6 in Earth Magic
  3643 | D:4      | Learned a level 4 spell: Petrify
  3796 | D:5      | Entered Level 5 of the Dungeon
  3846 | D:5      | Found an ornate altar of the Wu Jian Council.
  3862 | D:5      | Noticed a yak
  3862 | D:5      | Noticed a yak
  3862 | D:5      | Noticed a yak
  3867 | D:5      | Noticed a yak
  3870 | D:5      | You fall into a shaft and drop 1 floor!
  3965 | D:5      | Noticed an ogre
  3970 | D:5      | Killed an ogre
  3971 | D:5      | Reached skill level 1 in Armour
  3971 | D:5      | Reached XP level 7. HP: 52/52 MP: 8/11
  4113 | D:5      | Reached skill level 7 in Earth Magic
  4986 | D:5      | Found a sparkling altar of Nemelex Xobeh.
  5323 | D:5      | Killed a yak
  5324 | D:5      | Reached skill level 8 in Earth Magic
  5324 | D:5      | Reached XP level 8. HP: 53/61 MP: 8/12
  5327 | D:5      | Killed a yak
  5330 | D:5      | Killed a yak
  5333 | D:5      | HP: 2/61 [yak (6)]
  5338 | D:5      | Killed a yak
  5339 | D:5      | Reached skill level 5 in Fighting
  5339 | D:5      | Reached skill level 9 in Earth Magic
  5845 | D:6      | Found a glowing golden altar of the Shining One.
  5959 | D:6      | Reached XP level 9. HP: 68/68 MP: 8/13
  6006 | D:6      | Noticed Maggie
  6133 | D:6      | Killed Maggie
  6134 | D:6      | Reached skill level 10 in Earth Magic
  6140 | D:6      | Reached skill level 5 in Armour
  6560 | D:6      | Found an ancient bone altar of Kikubaaqudgha.
  6562 | D:6      | Found a sacrificial altar of Ru.
  6562 | D:6      | Found a broken altar of Ashenzari.
  6567 | D:6      | Found a white marble altar of Elyvilon.
  6567 | D:6      | Found a shimmering altar of Xom.
  6567 | D:6      | Found a snail-covered altar of Cheibriados.
  6700 | D:7      | Identified the +0 leather armour of Birdsong {Harm rCorr
                  | Dex-3}
  6905 | D:7      | Noticed Pikel
  6910 | D:7      | Killed Pikel
  6911 | D:7      | Reached skill level 11 in Earth Magic
  6957 | D:7      | Found a burning altar of Makhleb.
  6982 | D:7      | Reached XP level 10. HP: 54/77 MP: 12/14
  7310 | D:7      | Found a staircase to the Ecumenical Temple.
  7439 | D:7      | Noticed a moth of wrath
  7510 | Temple   | Entered the Ecumenical Temple
  7526 | Temple   | Became a worshipper of Cheibriados the Contemplative
  7652 | D:7      | Found a bloodstained altar of Trog.
  7711 | D:7      | Killed a moth of wrath
  7712 | D:7      | Reached skill level 12 in Earth Magic
  7857 | D:8      | Found a stormy altar of Qazlal.
  7870 | D:8      | Identified the +0 robe "Zuabeip" {*Slow Will+ Str+5 Stlth+}
  7971 | D:8      | Reached * piety under Cheibriados
  7989 | D:8      | Found a flagged portal.
  7999 | Bailey   | Entered a bailey
  8130 | Bailey   | Noticed an orc knight
  8142 | Bailey   | Gained mutation: You have sharp fingernails. [potion of
                  | mutation]
  8142 | Bailey   | Gained mutation: You are partially covered in iridescent
                  | scales. (AC +2) [potion of mutation]
  8142 | Bailey   | Gained mutation: Your spells are a little harder to cast,
                  | but a little more powerful. [potion of mutation]
  8143 | Bailey   | Mangled by an orc knight

Illustrated notes

Levels and vault maps discovered:
D:1:      minmay_arrival_wavy_path, layout_basic, minivault_23
D:2:      layout_basic, basic_altar
D:3:      layout_basic, nicolae_overflow_hidden_temple, uniq_terence
D:4:      layout_basic
D:5:      minmay_goblin_kobold_castle, layout_loops_ring,
          mainiacjoe_overflow_24_doors, mainiacjoe_overflow_surrounded_room,
          kennysheep_windowed_goal
D:6:      layout_rooms, doesnt_xom_only_xom, tso_metal_star, uniq_maggie
D:7:      layout_cave_pools, tgw_trog, mainiacjoe_overflow_six_doors_small,
          minmay_temple_entry_antechambers, dk_noncrumbling_3,
          supply_closet_lemuel, bh_walls_and_bars, uniq_pikel
D:8:      layout_loops_ring, mainiacjoe_overflow_tiny_flanked, enter_bailey_2
Temple:   hellmonk_temple_forest_ring
Bailey:   bailey_polearm_elven_captive_hellmonk, bailey

Skill      XL: |  1  2  3  4  5  6  7  8  9 10 |
---------------+-------------------------------+-----
Earth Magic    | 4 5 6 8 9 11 12 | 12.7
Fighting       | 1 2 3 4 5 6 7 |  7.9
Transmutations | 2 3 |  3.0
Spellcasting   | 3 |  3.0
Armour         | 1 2 4 6 7 |  7.0
Dodging        | |  1.7
Stealth        | |  2.4
Shields        | |  0.9
Invocations    | |  0.8

Action                     |  1- 3 |  4- 6 |  7- 9 | 10-12 || total
---------------------------+-------+-------+-------+-------++-------
  Melee: Spear             |    15 |     3 |    10 |       ||    28
         Dagger            |       |       |    66 |       ||    66
         Punch             |       |       |     3 |       ||     3
         Lajatang          |       |       |       |    10 ||    10
   Cast: Sandblast         |    37 |   105 |   153 |    71 ||   366
         Petrify           |       |     1 |       |       ||     1
         Stone Arrow       |       |       |     1 |       ||     1
         Passwall          |       |       |       |     1 ||     1
Ability: Shaft Self        |       |     1 |       |       ||     1
         Dig               |       |       |     1 |       ||     1
  Evoke: Wand              |       |       |       |     1 ||     1
    Use: Potion            |       |       |     5 |     2 ||     7
         Scroll            |       |       |     3 |       ||     3
   Stab: Sleeping          |     3 |     2 |       |       ||     5
 Armour: Leather armour    |     9 |    13 |     8 |       ||    30
         Scale mail        |       |       |    30 |       ||    30
         Chain mail        |       |       |     4 |     6 ||    10
         Plate armour      |       |       |       |     9 ||     9
  Dodge: Dodged            |     9 |    37 |   190 |    20 ||   256
  Block: Buckler           |       |       |       |    13 ||    13

Table legend: (Time is in decaauts)
 A = Elapsed time spent in this place.
 B = Non-inter-level travel time spent in this place.
 C = Inter-level travel time spent in this place.
 D = Time resting spent in this place.
 E = Time spent auto-exploring this place.
 F = Levels seen in this place.
 G = Mean time per level.
                   A        B        C        D        E       F      G
               +--------+--------+--------+--------+--------+-----+--------+
         Total |   8453 |   8002 |    451 |   1044 |   5143 |  10 |  845.3 |
       Dungeon |   8248 |   7806 |    442 |    998 |   5138 |   8 | 1031.0 |
        Temple |     26 |     17 |      9 |      0 |      5 |   1 |   26.0 |
        Bailey |    177 |    177 |      0 |     46 |      0 |   1 |  177.0 |
               +--------+--------+--------+--------+--------+-----+--------+

Top non-repeatable levels by time:
     D:5: 2002 daAuts
     D:1: 1063 daAuts
     D:4: 1050 daAuts
     D:7: 1029 daAuts
     D:2: 1024 daAuts
     D:6: 1022 daAuts
     D:3: 725 daAuts
     D:8: 329 daAuts
  Bailey: 177 daAuts
  Temple: 26 daAuts
